Map: [ESL] Stargazers

Players

Bunny - Winner!

  • Race: Terran Terran
  • Spawn Location: 11:00

herO

  • Race: Protoss Protoss
  • Spawn Location: 1:00

Event: DreamHack SC2 Masters 2022 Atlanta (Offline)

VOD

Have the link to the VOD?

Description

Time

  • Played on: Nov. 20, 2022, 5:26 p.m.
  • Length: 13:50

All games in this series

Show
View Real Time Build Order
Export as new Build Order

Bunny Terran - Winner!

Build Orders: Gas First Reaper Expand 

Get SALT Encoding   

  12  0:00  SCV  
  13  0:12  SCV  
  14  0:17  Supply Depot  
  14  0:24  SCV  
  14  0:27  Refinery  
  15  0:38  SCV  
  16  0:43  Barracks  
  16  0:50  SCV  
  17  1:03  SCV  
  18  1:15  SCV  
  19  1:32  Orbital Command  
  19  1:33  Reaper  
  20  1:52  Command Center  
  20  1:58  SCV  
  20  2:00  Factory  
  21  2:05  Barracks Reactor  
  21  2:10  SCV  
  21  2:14  Supply Depot  
  22  2:19  Refinery  
  22  2:22  SCV  
  23  2:36  SCV  
  24  2:42  Marine x2  
  24  2:44  Factory Tech Lab  
  26  2:48  SCV  
  26  2:50  Starport  
  27  3:00  SCV, Marine x2  
  27  3:03  Orbital Command  
  30  3:08  Cyclone  
  30  3:12  SCV  
  34  3:18  Marine x2  
  36  3:22  Orbital Command  
  36  3:24  SCV  
  36  3:27  Medivac  
  39  3:34  Supply Depot  
  39  3:36  SCV, Marine  
  39  3:37  Marine  
  42  3:44  Cyclone  
  45  3:49  SCV  
  45  3:51  SCV  
  45  3:55  Marine x2  
  46  3:57  Viking  
  50  4:04  Supply Depot  
  50  4:05  SCV  
  50  4:06  SCV  
  52  4:13  Marine x2  
  54  4:17  Supply Depot  
  54  4:22  SCV  
  54  4:26  Engineering Bay, SCV, Siege Tank  
  58  4:33  Marine  
  58  4:34  SCV, Marine  
  58  4:38  SCV  
  62  4:40  Viking  
  64  4:48  SCV  
  64  4:50  SCV  
  64  4:52  Marine x2  
  66  5:03  Missile Turret  
  62  5:10  Viking, Marine x2  
  59  5:25  Siege Tank  
  59  5:27  Marine  
  59  5:28  Marine  
  56  5:36  SCV x2  
  56  5:45  Marine x2  
  56  5:46  Missile Turret  
  57  5:57  SCV x2  
  57  6:03  Marine x2  
  44  6:19  SCV x2, Siege Tank  
  44  6:21  Marine x2  
  44  6:23  Bunker  
  44  6:25  Viking  
  47  6:31  SCV x2  
  49  6:39  Marine x2  
  51  6:43  Barracks, SCV  
  51  6:45  SCV  
  52  6:52  Refinery, Terran Infantry Weapons Level 1  
  52  6:58  SCV x2  
  54  7:06  Barracks  
  54  7:08  Marine  
  54  7:10  SCV, Factory Tech Lab  
  54  7:11  SCV, Marine  
  58  7:23  SCV x2  
  60  7:31  Supply Depot, Marine  
  60  7:32  Marine  
  60  7:34  Starport Reactor  
  60  7:35  SCV x2, Factory Reactor  
  64  7:38  Supply Depot  
  64  7:46  Stimpack  
  64  7:47  SCV x2  
  66  7:52  Marine x3  
  69  8:02  Combat Shield  
  69  8:03  Barracks, Marine  
  69  8:04  Barracks  
  70  8:07  Refinery  
  70  8:09  SCV x2  
  70  8:11  Medivac  
  70  8:12  Medivac  
  76  8:13  Supply Depot  
  76  8:16  Marauder  
  78  8:21  Marauder, Marine x2  
  78  8:24  Widow Mine  
  78  8:26  Widow Mine  
  86  8:39  Supply Depot, Marauder  
  86  8:41  Marine x2  
  89  8:42  Medivac, Marauder  
  93  9:00  Barracks Reactor, Medivac, Barracks Tech Lab  
  93  9:01  Widow Mine x2  
  98  9:03  Marauder  
  98  9:04  Marauder  
  102  9:12  Supply Depot  
  102  9:15  Supply Depot  
  102  9:22  Terran Infantry Armor Level 1  
  102  9:27  Marauder  
  102  9:29  Supply Depot  
  102  9:31  Concussive Shells  
  102  9:32  Command Center  
  102  9:33  SCV x2, Medivac x2, Marine x2  
  102  9:36  Supply Depot  
  102  9:37  Widow Mine  
  114  9:38  Widow Mine  
  114  9:40  Marine x2  
  116  9:47  SCV x2  
  116  9:52  Marauder x2  
  124  9:53  Marauder  
  121  10:07  Widow Mine x2, Marine x4  
  121  10:14  Marauder  
  125  10:15  Medivac  
  125  10:16  Ghost Academy  
  127  10:21  Medivac  
  127  10:28  Widow Mine x2  
  133  10:33  Supply Depot  
  133  10:34  Supply Depot  
  133  10:41  SCV  
  134  10:43  SCV, Orbital Command  
  134  10:44  Armory, Marauder x3  
  134  10:47  Marine x2  
  143  10:53  Widow Mine  
  143  10:54  Widow Mine  
  136  11:05  Marauder x3  
  136  11:08  Marine x2  
  136  11:10  Medivac x2  
  137  11:15  Widow Mine  
  137  11:17  Widow Mine  
  125  11:22  Marine x2  
  125  11:25  SCV  
  125  11:26  SCV x2  
  125  11:32  Marine x2  
  127  11:35  Ghost  
  127  11:40  Orbital Command, Ghost  
  127  11:42  Marine x2  
  130  11:50  Widow Mine x2  
  136  11:54  Marauder  
  136  12:00  Marine x2  
  136  12:01  Marine  
  132  12:03  Marine  
  132  12:04  Marauder  
  125  12:10  Marine  
  125  12:11  Widow Mine x2  
  130  12:19  Marauder  
  130  12:21  Marine  
  130  12:22  Marine  
  127  12:28  Marine x2  
  121  12:30  Marauder  
  121  12:32  Marine  
  121  12:33  Widow Mine  
  124  12:39  Marine  
  124  12:41  Marauder  
  124  12:42  Marine  
  124  12:46  Marine  
  124  12:50  Medivac x2  
  124  12:51  Marauder  
  127  12:53  Marine x2  
  127  12:56  Widow Mine  
  127  12:57  Marine  
  125  13:00  Marine  
  125  13:02  Marine  
  125  13:11  Marauder  
  125  13:12  Marauder  
  127  13:13  Marine x2  
  127  13:17  Marine  
  130  13:20  Refinery x2  
  130  13:25  Marine x2  
Show
View Real Time Build Order
Export as new Build Order

herO Protoss 

Build Orders: 1 Gate Expand, Oracle Opening 

Get SALT Encoding   

  12  0:00  Probe  
  13  0:12  Probe  
  14  0:17  Pylon  
  14  0:24  Probe (Chrono Boost)  
  16  0:36  Probe (Chrono Boost)  
  16  0:37  Gateway  
  16  0:43  Probe (Chrono Boost)  
  16  0:47  Assimilator  
  17  0:50  Probe  
  18  1:03  Probe  
  19  1:15  Probe  
  20  1:27  Cybernetics Core  
  20  1:35  Nexus  
  20  1:42  Pylon  
  20  1:45  Probe  
  21  1:51  Assimilator  
  21  1:57  Probe  
  21  2:01  Adept (Chrono Boost)  
  24  2:09  Probe  
  24  2:16  Stargate  
  24  2:21  Probe  
  25  2:24  Adept (Chrono Boost)  
  25  2:29  Warp Gate  
  27  2:33  Probe  
  28  2:45  Probe  
  28  2:48  Probe  
  28  2:49  Adept (Chrono Boost)  
  32  2:58  Probe  
  32  2:59  Oracle (Chrono Boost)  
  32  3:00  Probe  
  37  3:10  Pylon  
  37  3:14  Probe  
  37  3:15  Probe  
  39  3:26  Probe  
  41  3:27  Oracle (Chrono Boost), Probe  
  44  3:39  Probe x2  
  46  3:44  Gateway x2  
  46  3:51  Probe x2  
  48  3:56  Shield Battery  
  48  3:57  Oracle (Chrono Boost)  
  51  4:03  Shield Battery  
  51  4:04  Probe x2  
  51  4:06  Pylon  
  53  4:16  Probe  
  54  4:23  Twilight Council, Probe  
  53  4:26  Stalker  
  53  4:30  Shield Battery  
  52  4:31  Probe  
  52  4:35  Probe  
  52  4:36  Assimilator  
  53  4:41  Stalker, Assimilator  
  55  4:46  Stalker  
  55  4:47  Probe x2  
  55  4:52  Zealot  
  59  5:02  Probe x2  
  59  5:14  Stalker x2  
  59  5:17  Stalker  
  59  5:20  Probe x2  
  37  5:37  Stalker  
  37  5:38  Stalker  
  37  5:43  Probe, Stalker  
  37  5:44  Probe  
  41  5:50  Phoenix (Chrono Boost)  
  41  5:56  Probe x2  
  42  6:04  Stalker x2  
  42  6:10  Zealot  
  47  6:16  Probe x2  
  46  6:21  Phoenix (Chrono Boost)  
  48  6:29  Adept  
  48  6:31  Adept  
  52  6:35  Probe (Chrono Boost)  
  52  6:37  Probe (Chrono Boost)  
  54  6:57  Probe (Chrono Boost)  
  54  6:59  Probe (Chrono Boost)  
  53  7:04  Charge  
  53  7:05  Probe (Chrono Boost)  
  52  7:13  Probe (Chrono Boost)  
  54  7:17  Probe (Chrono Boost)  
  54  7:23  Pylon  
  54  7:31  Templar Archives  
  54  7:41  Probe x2  
  56  7:53  Probe (Chrono Boost)  
  56  7:54  Robotics Facility, Sentry  
  56  7:55  Probe (Chrono Boost)  
  60  8:03  Pylon  
  60  8:04  Pylon  
  62  8:06  Probe (Chrono Boost)  
  62  8:07  Pylon  
  62  8:09  Gateway  
  62  8:10  Probe (Chrono Boost)  
  62  8:11  Psionic Storm  
  62  8:20  Probe  
  62  8:21  Probe, High Templar  
  62  8:23  Gateway  
  66  8:27  Pylon  
  66  8:30  High Templar  
  66  8:32  Probe  
  66  8:33  Probe  
  68  8:44  Gateway  
  68  8:45  Warp Prism (Chrono Boost)  
  68  8:54  High Templar  
  72  9:02  High Templar  
  72  9:05  Zealot  
  72  9:07  Zealot  
  76  9:19  Stalker  
  76  9:29  Zealot, High Templar x2  
  82  9:35  Archon  
  82  9:40  Nexus  
  82  9:41  Immortal (Chrono Boost)  
  82  9:43  Pylon  
  87  9:45  Probe x2  
  87  9:51  Shield Battery  
  88  9:59  Zealot x2  
  88  10:12  Nexus, High Templar  
  88  10:13  High Templar  
  92  10:17  Zealot x2  
  98  10:24  Observer  
  97  10:31  Stalker x2  
  97  10:33  Pylon  
  101  10:43  Pylon  
  101  10:46  Pylon  
  81  10:59  Zealot x2  
  81  11:00  Zealot x3  
  81  11:03  Archon  
  85  11:05  Zealot  
  85  11:10  Warp Prism (Chrono Boost)  
  69  11:22  High Templar x4  
  69  11:25  Zealot  
  72  11:31  Zealot  
  72  11:45  Immortal (Chrono Boost)  
  76  11:47  Zealot  
  76  11:53  Zealot  
  80  11:54  Zealot  
  80  11:55  Zealot  
  80  12:00  Zealot x2  
  72  12:05  Archon  
  72  12:07  Archon  
  66  12:09  Zealot  
  60  12:16  Observer (Chrono Boost)  
  60  12:20  Zealot x3  
  65  12:27  Zealot  
  65  12:28  Zealot  
  63  12:36  Immortal (Chrono Boost)  
  63  12:50  Zealot x4  
  56  13:02  Zealot x2  
  54  13:14  Observer (Chrono Boost)  
  54  13:15  High Templar x4  
  54  13:18  Probe x3  
  54  13:19  Archon  
  66  13:20  Archon  
  66  13:24  Stalker x2  
Tags
 
Add a new tag
Caveats
  • Supply blocks, unpowered buildings, or Contaminate may cause inaccurate times.
  • Supply counts are checked every 10 seconds.